SAAA
SANTA BARBARA GOLDEN CRANES @ HIALEAH DODOS
08/09/2021
 
TOP OF THE 1ST
Santa Barbara Golden Cranes batting - Pitching for Hialeah Dodos : RHP Jim Unknown
Pitching: RHP Jim Unknown
Batting: RHB Ángel López 0-0: Ball
1-0: Ground out 6-3 (Groundball, 6)
Batting: RHB Tom Baker 0-0: Ball
1-0: Swinging Strike
1-1: Ground out 1-3 (Groundball, 13)
Batting: RHB Bill Taylor 0-0: Ball
1-0: Swinging Strike
1-1: Ball
2-1: Ball
3-1: Foul Ball, location: 2F
3-2: Strikes out looking
Top of the 1st over - 0 run(s), 0 hit(s), 0 error(s), 0 left on base; Santa Barbara 0 - Hialeah 0
BOTTOM OF THE 1ST
Hialeah Dodos batting - Pitching for Santa Barbara Golden Cranes : RHP Jim Unknown
Pitching: RHP Jim Unknown
Batting: RHB Ludwig Kluge 0-0: Called Strike
0-1: Foul Ball, location: 2F
0-2: Ball
1-2: Foul Ball, location: 2F
1-2: Ball
2-2: Ground out 6-3 (Groundball, 6)
Batting: RHB José Ramírez 0-0: Swinging Strike
0-1: Ball
1-1: Ball
2-1: Called Strike
2-2: Strikes out swinging
Batting: LHB Álex Burgos 0-0: Ball
1-0: Ball
2-0: Ball
3-0: Base on Balls
Batting: LHB Jeff Conklin 0-0: Called Strike
0-1: Foul Ball, location: 2F
0-2: Ball
1-2: Ball
2-2: Ball
3-2: 2-RUN HOME RUN (Flyball, 89XD), Distance : 418 ft
Batting: RHB Herman Cook 0-0: Ball
1-0: Ball
2-0: Ball
3-0: Called Strike
3-1: Called Strike
3-2: Ground out 6-3 (Groundball, 6)
Bottom of the 1st over - 2 run(s), 1 hit(s), 0 error(s), 0 left on base; Santa Barbara 0 - Hialeah 2
TOP OF THE 2ND
Santa Barbara Golden Cranes batting - Pitching for Hialeah Dodos : RHP Jim Unknown
Batting: LHB Takahiro Harada 0-0: Ball
1-0: Ball
2-0: Ground out U3 (Groundball, 3)
Batting: RHB Pablo Lugo 0-0: Ball
1-0: Swinging Strike
1-1: SINGLE (Flyball, 4MD)
Batting: SHB Shojiro Kimura 0-0: Ball
1-0: Ball
2-0: Called Strike
2-1: Ball
3-1: Fly out, F2 (Popup, 2RF)
Batting: RHB Kyle Dempsey 0-0: Ball
Pablo Lugo is caught stealing 2nd base
Top of the 2nd over - 0 run(s), 1 hit(s), 0 error(s), 0 left on base; Santa Barbara 0 - Hialeah 2
BOTTOM OF THE 2ND
Hialeah Dodos batting - Pitching for Santa Barbara Golden Cranes : RHP Jim Unknown
Batting: LHB Carl Gore 0-0: Called Strike
0-1: Fly out, F7 (Flyball, 7LMF)
Batting: RHB Javier Santos 0-0: Called Strike
0-1: Ground out 4-3 (Groundball, 34)
Batting: RHB Pedro Longoria 0-0: Called Strike
0-1: Ball
1-1: Called Strike
1-2: Ball
2-2: Strikes out swinging
Bottom of the 2nd over - 0 run(s), 0 hit(s), 0 error(s), 0 left on base; Santa Barbara 0 - Hialeah 2
TOP OF THE 3RD
Santa Barbara Golden Cranes batting - Pitching for Hialeah Dodos : RHP Jim Unknown
Batting: RHB Kyle Dempsey 0-0: Ball
1-0: Swinging Strike
1-1: Foul Ball, location: 2F
1-2: Foul Ball, location: 2F
1-2: Fly out, F8 (Flyball, 8RXD)
Batting: LHB Chris McKinney 0-0: Ball
1-0: Ground out 4-3 (Groundball, 4)
Batting: RHB Carlos Rodríguez 0-0: SINGLE (Line Drive, 78M)
Batting: RHB Ángel López 0-0: Ball
1-0: Called Strike
1-1: Foul Ball, location: 2F
1-2: Strikes out swinging
Top of the 3rd over - 0 run(s), 1 hit(s), 0 error(s), 1 left on base; Santa Barbara 0 - Hialeah 2
BOTTOM OF THE 3RD
Hialeah Dodos batting - Pitching for Santa Barbara Golden Cranes : RHP Jim Unknown
Batting: RHB Carl Carlson 0-0: Ball
1-0: Ball
2-0: Called Strike
2-1: Foul Ball, location: 2F
2-2: Strikes out swinging
Batting: RHB Ludwig Kluge 0-0: Fly out, F8 (Flyball, 8LM)
Batting: RHB José Ramírez 0-0: Called Strike
0-1: Ball
1-1: SINGLE (Groundball, 56D)
Batting: LHB Álex Burgos 0-0: Ball
1-0: Ball
2-0: Ball
3-0: Base on Balls
José Ramírez to second
Batting: LHB Jeff Conklin 0-0: Ball
1-0: Foul Ball, location: 2F
1-1: Fly out, F7 (Flyball, 8LD)
Bottom of the 3rd over - 0 run(s), 1 hit(s), 0 error(s), 2 left on base; Santa Barbara 0 - Hialeah 2
TOP OF THE 4TH
Santa Barbara Golden Cranes batting - Pitching for Hialeah Dodos : RHP Jim Unknown
Batting: RHB Tom Baker 0-0: SINGLE (Groundball, 6MD)
Batting: RHB Bill Taylor 0-0: Foul Ball, location: 2F
0-1: Ball
1-1: Called Strike
1-2: Ball
2-2: SINGLE (Groundball, 6M)
Tom Baker to second
Batting: LHB Takahiro Harada 0-0: Ball
1-0: Called Strike
1-1: Ball
2-1: Fielders Choice at 2nd, 3-6 (Groundball, 34)
Tom Baker to third
Batting: RHB Pablo Lugo 0-0: Called Strike
0-1: Ball
1-1: Called Strike
1-2: Ball
2-2: Strikes out swinging
Batting: SHB Shojiro Kimura 0-0: Called Strike
0-1: Ball
1-1: Ball
2-1: Foul Ball, location: 2F
2-2: Foul Ball, location: 2F
2-2: Foul Ball, location: 2F
2-2: SINGLE (Line Drive, 4M)
Tom Baker scores
Takahiro Harada to second
Runner from 2nd tries for 3rd, SAFE, throw made to third
Batting: RHB Kyle Dempsey 0-0: Fly out, F7 (Flyball, 7D)
Top of the 4th over - 1 run(s), 3 hit(s), 0 error(s), 2 left on base; Santa Barbara 1 - Hialeah 2
BOTTOM OF THE 4TH
Hialeah Dodos batting - Pitching for Santa Barbara Golden Cranes : RHP Jim Unknown
Batting: RHB Herman Cook 0-0: Called Strike
0-1: Ball
1-1: Swinging Strike
1-2: Fly out, F2 (Popup, 2LF)
Batting: LHB Carl Gore 0-0: Ball
1-0: Ball
2-0: Foul Ball, location: 2F
2-1: Swinging Strike
2-2: Ball
3-2: Foul Ball, location: 2F
3-2: DOUBLE (Line Drive, 5D)
Batting: RHB Javier Santos 0-0: Ground out 5-3 (Groundball, 5)
Batting: RHB Pedro Longoria 0-0: Fly out, F9 (Line Drive, 9M)
Bottom of the 4th over - 0 run(s), 1 hit(s), 0 error(s), 1 left on base; Santa Barbara 1 - Hialeah 2
TOP OF THE 5TH
Santa Barbara Golden Cranes batting - Pitching for Hialeah Dodos : RHP Jim Unknown
Batting: LHB Chris McKinney 0-0: Ball
1-0: Foul Ball, location: 2F
1-1: Swinging Strike
1-2: DOUBLE (Line Drive, 3D)
Batting: RHB Carlos Rodríguez 0-0: Ball
1-0: Ball
2-0: Foul Ball, location: 2F
2-1: Ball
3-1: SINGLE (Groundball, 3S)
Chris McKinney to third
Batting: RHB Ángel López 0-0: Called Strike
0-1: Ball
1-1: Ball
2-1: Ball
3-1: Base on Balls
Carlos Rodríguez to second
Batting: RHB Tom Baker 0-0: Foul Ball, location: 2F
0-1: Ball
1-1: Grounds into fielders choice 5-2 (Groundball, 5)
Carlos Rodríguez to third
Ángel López to second
Batting: RHB Bill Taylor 0-0: Called Strike
0-1: Ball
1-1: Foul Ball, location: 2F
1-2: SINGLE (Groundball, 4MD)
Carlos Rodríguez scores
Ángel López to third
Tom Baker to second
Runner from 3rd tries for Home, SAFE, no throw or cutoff
Batting: LHB Takahiro Harada 0-0: Ball
1-0: Fielders Choice at 2nd, 5-4 (Groundball, 56)
Tom Baker to third
Batting: RHB Pablo Lugo 0-0: Ball
1-0: Called Strike
1-1: Called Strike
1-2: SINGLE (Groundball, 6MD)
Tom Baker scores
Takahiro Harada to second
Batting: SHB Shojiro Kimura 0-0: Fly out, F2 (Popup, 2LF)
Top of the 5th over - 3 run(s), 4 hit(s), 0 error(s), 2 left on base; Santa Barbara 4 - Hialeah 2
BOTTOM OF THE 5TH
Hialeah Dodos batting - Pitching for Santa Barbara Golden Cranes : RHP Jim Unknown
Batting: RHB Carl Carlson 0-0: Called Strike
0-1: Foul Ball, location: 2F
0-2: Strikes out swinging
Batting: RHB Ludwig Kluge 0-0: Ball
1-0: Ball
2-0: Ball
3-0: Base on Balls
Batting: RHB José Ramírez 0-0: Ball
1-0: Called Strike
1-1: Called Strike
Ludwig Kluge steals 2nd base
1-2: Ground out 5-3 (Groundball, 5L)
Batting: LHB Álex Burgos 0-0: Called Strike
0-1: Called Strike
0-2: Ball
1-2: Ball
2-2: Foul Ball, location: 2F
2-2: Ball
3-2: Foul Ball, location: 2F
3-2: Fly out, F8 (Line Drive, 8LD)
Bottom of the 5th over - 0 run(s), 0 hit(s), 0 error(s), 1 left on base; Santa Barbara 4 - Hialeah 2
TOP OF THE 6TH
Santa Barbara Golden Cranes batting - Pitching for Hialeah Dodos : RHP Jim Unknown
Batting: RHB Kyle Dempsey 0-0: Called Strike
0-1: Foul Ball, location: 2F
0-2: Ground out 4-3 (Groundball, 4M)
Batting: LHB Chris McKinney 0-0: Ball
1-0: Ball
2-0: Ground out 4-3 (Groundball, 13)
Batting: RHB Carlos Rodríguez 0-0: Swinging Strike
0-1: SINGLE (Groundball, 56)
Batting: RHB Ángel López 0-0: Called Strike
0-1: Ball
1-1: Swinging Strike
1-2: Ball
2-2: Strikes out looking
Top of the 6th over - 0 run(s), 1 hit(s), 0 error(s), 1 left on base; Santa Barbara 4 - Hialeah 2
BOTTOM OF THE 6TH
Hialeah Dodos batting - Pitching for Santa Barbara Golden Cranes : RHP Jim Unknown
Batting: LHB Jeff Conklin 0-0: Ball
1-0: Foul Ball, location: 2F
1-1: Ball
2-1: Ball
3-1: Base on Balls
Batting: RHB Herman Cook 0-0: Ball
1-0: Foul Ball, location: 2F
1-1: Ball
Jeff Conklin is caught stealing 2nd base
2-1: Ball
3-1: Fly out, F8 (Flyball, 8LXD)
Batting: LHB Carl Gore 0-0: Foul Ball, location: 2F
0-1: SINGLE (Groundball, 4MD)
Batting: RHB Javier Santos 0-0: Ball
1-0: Ball
2-0: Called Strike
2-1: Ball
3-1: Foul Ball, location: 2F
3-2: Ground out 4-3 (Groundball, 4M)
Bottom of the 6th over - 0 run(s), 1 hit(s), 0 error(s), 1 left on base; Santa Barbara 4 - Hialeah 2
TOP OF THE 7TH
Santa Barbara Golden Cranes batting - Pitching for Hialeah Dodos : RHP Jim Unknown
Batting: RHB Tom Baker 0-0: Called Strike
0-1: Swinging Strike
0-2: Ground out 4-3 (Groundball, 4)
Batting: RHB Bill Taylor 0-0: Foul Ball, location: 2F
0-1: Ball
1-1: Foul Ball, location: 2F
1-2: Ball
2-2: Ground out 5-3 (Groundball, 5)
Batting: LHB Takahiro Harada 0-0: Swinging Strike
0-1: Ball
1-1: Swinging Strike
1-2: Strikes out swinging
Top of the 7th over - 0 run(s), 0 hit(s), 0 error(s), 0 left on base; Santa Barbara 4 - Hialeah 2
BOTTOM OF THE 7TH
Hialeah Dodos batting - Pitching for Santa Barbara Golden Cranes : RHP Jim Unknown
Batting: RHB Pedro Longoria 0-0: Ground out 5-3 (Groundball, 5)
Batting: RHB Carl Carlson 0-0: Called Strike
0-1: Hit by Pitch
Batting: RHB Ludwig Kluge 0-0: Ball
Carl Carlson is caught stealing 2nd base
1-0: Ground out 4-3 (Groundball, 4M)
Bottom of the 7th over - 0 run(s), 0 hit(s), 0 error(s), 0 left on base; Santa Barbara 4 - Hialeah 2
TOP OF THE 8TH
Santa Barbara Golden Cranes batting - Pitching for Hialeah Dodos : RHP Jim Unknown
Batting: RHB Pablo Lugo 0-0: Ball
1-0: Ball
2-0: Ball
3-0: Called Strike
3-1: SINGLE (Line Drive, 89S)
Batting: SHB Shojiro Kimura 0-0: Called Strike
Pablo Lugo is caught stealing 2nd base
0-1: Foul Ball, location: 2F
0-2: Foul Ball, location: 2F
0-2: Foul Ball, location: 2F
0-2: Ball
1-2: Fly out, F6 (Popup, 6MD)
Batting: RHB Kyle Dempsey 0-0: Ball
1-0: Swinging Strike
1-1: Swinging Strike
1-2: Fly out, F6 (Line Drive, 6)
Top of the 8th over - 0 run(s), 1 hit(s), 0 error(s), 0 left on base; Santa Barbara 4 - Hialeah 2
BOTTOM OF THE 8TH
Hialeah Dodos batting - Pitching for Santa Barbara Golden Cranes : RHP Jim Unknown
Now at 2B: Tim Wilson
Now at 3B: Marvin von Seydlitz
Now in RF: Bill Childers
Batting: RHB José Ramírez 0-0: Ball
1-0: Called Strike
1-1: Called Strike
1-2: Foul Ball, location: 2F
1-2: Strikes out swinging
Batting: LHB Álex Burgos 0-0: Called Strike
0-1: Called Strike
0-2: Foul Ball, location: 2F
0-2: Ball
1-2: Ball
2-2: Ball
3-2: SINGLE (Line Drive, 8LS)
Pitching: RHP Jim Unknown
Batting: LHB Jeff Conklin 0-0: Called Strike
0-1: Called Strike
0-2: Foul Ball, location: 2F
0-2: Ball
1-2: Strikes out swinging
Batting: RHB Herman Cook 0-0: Called Strike
0-1: Called Strike
0-2: Ball
1-2: Foul Ball, location: 2F
1-2: Ball
2-2: Strikes out looking
Bottom of the 8th over - 0 run(s), 1 hit(s), 0 error(s), 1 left on base; Santa Barbara 4 - Hialeah 2
TOP OF THE 9TH
Santa Barbara Golden Cranes batting - Pitching for Hialeah Dodos : RHP Jim Unknown
Batting: LHB Chris McKinney 0-0: Ball
1-0: Ball
2-0: DOUBLE (Flyball, 89D)
Batting: RHB Carlos Rodríguez 0-0: Intentional Walk
Pitching: LHP Jim Unknown
Batting: RHB Ángel López 0-0: Bunted foul
0-1: Bunted foul
0-2: Strikes out swinging
Pitching: RHP Jesús González
Batting: RHB Tom Baker 0-0: Grounds into double play, 6-4-3 (Groundball, 6)
Top of the 9th over - 0 run(s), 1 hit(s), 0 error(s), 1 left on base; Santa Barbara 4 - Hialeah 2
BOTTOM OF THE 9TH
Hialeah Dodos batting - Pitching for Santa Barbara Golden Cranes : RHP Jim Unknown
Batting: LHB Carl Gore 0-0: Foul Ball, location: 2F
0-1: Foul Ball, location: 2F
0-2: Fly out, F8 (Flyball, 8RS)
Batting: RHB Javier Santos 0-0: Called Strike
0-1: Swinging Strike
0-2: Foul Ball, location: 2F
0-2: Foul Ball, location: 2F
0-2: Ball
1-2: Ball
2-2: Strikes out swinging
Batting: RHB Pedro Longoria 0-0: Ball
1-0: Fly out, F7 (Flyball, 7M)
Bottom of the 9th over - 0 run(s), 0 hit(s), 0 error(s), 0 left on base; Santa Barbara 4 - Hialeah 2
This league is powered by Out of the Park Baseball, the baseball management simulation game for PC, Mac and Linux
Friday, January 22nd, 2016 - OOTP Baseball 16.9 Build 39